 Dungeon Crawl Stone Soup version 0.23-a0-639-ga9a3373 (console) character file.

7802 Duffy the Nimble (level 11, 84/84 HPs)
             Began as a Demonspawn Fire Elementalist on Dec 29, 2018.
             Was a Priest of Vehumet.
             Quit the game on level 9 of the Dungeon.
             The game lasted 00:19:10 (14018 turns).

Duffy the Nimble (Demonspawn Fire Elementalist)    Turns: 14018, Time: 00:19:11

Health: 84/84      AC:  9    Str:  7    XL:     11   Next: 1%
Magic:  20/20      EV: 18    Int: 20    God:    Vehumet [***...]
Gold:   732        SH:  6    Dex: 16    Spells: 6/22 levels left

rFire    + . .     SeeInvis .   L - +11 longbow {speed, rPois Str-2 Dex+3}
rCold    . . .     Gourm    .   (shield currently unavailable)
rNeg     . . .     Faith    .   a - +0 robe
rPois    +         Spirit   .   (no helmet)
rElec    .         Reflect  .   (no cloak)
rCorr    .         Harm     +   O - +0 pair of gloves (curse)
MR       .....                  s - +0 pair of boots
Stlth    +++.......             g - amulet of harm
HPRegen  0.24/turn              C - +5 ring of protection
MPRegen  0.17/turn              N - ring of protection from fire

@: no status effects
A: hooves 2, large bone plates 2, nightstalker 1, spiny 1
a: Renounce Religion


You were on level 9 of the Dungeon.
You worshipped Vehumet.
Vehumet was most pleased with you.
You were not hungry.

You visited 2 branches of the dungeon, and saw 10 of its levels.
You also visited: Ossuary.

You collected 732 gold pieces.

Inventory:

Hand Weapons
 r - the +1 whip "Dufarist" {drain, SInv}
   (You found it on level 4 of the Dungeon)

   A truly terrible weapon, it drains the life of those it strikes.
   It lets you see invisible.
 I - a +2 dagger of electrocution
 L - the +11 longbow of the Five Suns (weapon) {speed, rPois Str-2 Dex+3}
   (You found it on level 8 of the Dungeon)

   Attacks with this weapon are significantly faster.
   It affects your strength (-2).
   It affects your dexterity (+3).
   It protects you from poison.
Armour
 a - a +0 robe (worn)
 s - a +0 pair of boots (worn)
 O - a cursed +0 pair of gloves (worn)
Jewellery
 g - an amulet of harm (around neck)
 l - an uncursed ring of flight
 v - an uncursed ring of protection from cold
 C - a +5 ring of protection (left hand)
 F - a +3 ring of intelligence
 N - a ring of protection from fire (right hand)
Wands
 i - a wand of polymorph (7)
 j - a wand of paralysis (7)
 u - a wand of disintegration (9)
 y - a wand of flame (12)
 H - a wand of scattershot (3)
Scrolls
 b - 2 scrolls of teleportation {unknown}
 e - 4 scrolls of magic mapping {unknown}
 o - 3 scrolls of amnesia {unknown}
 q - 4 scrolls of immolation {unknown}
 t - 6 scrolls of remove curse
 x - a scroll of fear {unknown}
 A - a scroll of summoning {unknown}
 B - a scroll of torment {unknown}
 D - a scroll of vulnerability {unknown}
 E - 2 scrolls of enchant weapon {unknown}
Potions
 d - 4 potions of might
 f - a potion of heal wounds {unknown}
 h - 3 potions of invisibility {unknown}
 k - 2 potions of berserk rage {unknown}
 m - 2 potions of flight {unknown}
 n - a potion of cancellation {unknown}
 p - 4 potions of curing
 w - a potion of ambrosia {unknown}
 G - a potion of agility {unknown}
 J - a potion of magic
 K - 2 potions of lignification
 M - 3 potions of haste
Comestibles
 c - 15 rations
 z - 2 chunks of flesh


   Skills:
 - Level 7.0 Fighting
 + Level 8.2 Dodging
 - Level 1.7 Stealth
 + Level 6.3 Spellcasting
 - Level 6.7 Conjurations
 - Level 6.3 Fire Magic
 - Level 6.0 Evocations


You had 6 spell levels left.
You knew the following spells:

 Your Spells              Type           Power        Failure   Level  Hunger
h - Flame Tongue          Conj/Fire      ####.        1%          1    None
j - Sticky Flame          Conj/Fire      ####....     1%          4    ####...
k - Fireball              Conj/Fire      ####......   5%          5    #####..
l - Conjure Flame         Conj/Fire      ####....     1%          3    ##.....
o - Mephitic Cloud        Conj/Pois/Air  ###.....     3%          3    ##.....

Your spell library contained the following spells:

 Spells                   Type           Power        Failure   Level  Hunger
 Ignite Poison            Fire/Tmut/Pois ##......     3%          3    ##.....
 Throw Flame              Conj/Fire      ####..       1%          2    None
 Dazzling Spray           Conj/Hex       ###...       2%          3    ##.....
 Inner Flame              Hex/Fire       ###.....     2%          3    ##.....
 Corona                   Hex            #......      11%         1    None
 Ensorcelled Hibernation  Hex/Ice        #.....       16%         2    None
 Confuse                  Hex            #.......     30%         3    ##.....
 Tukima's Dance           Hex            #.......     30%         3    ##.....


Dungeon Overview and Level Annotations

Branches:
Dungeon (9/15)             Temple (1/1) D:5            Lair (0/6) D:9
    Orc (0/2) D:9

Altars:
Ashenzari
Cheibriados
Dithmenos
Elyvilon
Fedhas
Gozag
Hepliaklqana
Kikubaaqudgha
Makhleb
Nemelex Xobeh
Okawaru
Qazlal
Ru
Sif Muna
Trog
Uskayaw
Vehumet
Wu Jian
Xom
Yredelemnul
Zin
The Shining One


Innate Abilities, Weirdness & Mutations

You have hoof-like feet.
You are mostly covered in large bone plates. (SH +6)
You are slightly more attuned to the shadows.
You are partially covered in sharp spines.


Message History

You butcher the orc corpse.
z - 3 chunks of flesh (gained 2)
Things that are here:
a +0 whip; an orc skeleton Some of the chunks of flesh in your inventory have rotted away.
Things that are here:
a +0 hand axe; a +1 flail of venom
There is a stone staircase leading up, spattered with blood here.
q - 4 scrolls labeled JUUGGOGE FORPHI (gained 1) Done exploring.
Done exploring.
Done exploring.
Okay, then.
Unknown command.
Wield which item (- for none, * to show all)? (? for menu, Esc to quit)
You feel weaker.
You feel agile.
Your hands tingle!
L - the +11 longbow of the Five Suns (weapon)
{speed, rPois Str-2 Dex+3} Are you sure you want to abandon this character and quit the game? (Confirm

##...........###...
#......>.....##....
#.........##.#..>..
###..........#.....
###................
#...#####....#.....
###.###.##....#.....
#....##.......#..###
#..@....##.......#.#
#........##.........
#..####.####...#....
#### ### #########


There were no monsters in sight!

Vanquished Creatures
  An unseen horror (D:5)
  A troll (D:8)
  2 hippogriffs
  Sigmund (D:4)
  2 basilisks (D:9)
  A human (D:7)
  4 hogs (D:7)
  The ghost of Duffy the Magician, an amateur NaWz (D:3)
  A hungry ghost (D:9)
  A water moccasin (D:7)
  4 porcupines (D:9)
  2 orc warriors
  3 ice beasts
  A sky beast (D:6)
  2 phantoms (D:4)
  3 black bears
  3 necrophages (D:8)
  3 ogres
  3 wolves
  5 centaurs
  2 crocodiles (D:9)
  5 bullfrogs
  A wyvern skeleton (D:9)
  5 killer bees
  8 wights
  3 howler monkeys
  2 bullfrog zombies (D:8)
  2 crimson imps
  A quasit (D:7)
  A gnoll shaman (D:4)
  3 hounds
  6 orc priests
  A centaur skeleton (D:5)
  6 orc wizards
  2 iguanas
  Natasha (thrice) (D:3)
  9 worker ants
  A hound zombie (D:8)
  8 mummies (Ossuary)
  2 worker ant zombies (D:8)
  10 adders
  9 gnolls
  3 shadow imps (D:5)
  An adder skeleton (D:4)
  A worm (D:3)
  4 dart slugs
  6 leopard geckos
  22 orcs
  9 giant cockroaches
  A gnoll zombie (Ossuary)
  5 goblins
  8 hobgoblins
  7 jackals
  5 quokkas
  A ball python skeleton (D:5)
  7 bats
  6 frilled lizards
  2 hobgoblin zombies (Ossuary)
  5 kobolds
  3 kobold zombies (Ossuary)
  2 orc zombies (Ossuary)
  A quokka skeleton (D:8)
  A quokka zombie (D:8)
  7 rats
  4 bushes (D:8)
245 creatures vanquished.

Vanquished Creatures (others)
  A bush (D:8)
  3 fungi (D:9)
  9 plants
13 creatures vanquished.

Grand Total: 258 creatures vanquished

Notes
Turn   | Place    | Note
-------+----------+-------------------------------------------
     0 | D:1      | Duffy the Demonspawn Fire Elementalist began the quest for
                  | the Orb.
     0 | D:1      | Reached XP level 1. HP: 13/13 MP: 3/3
   389 | D:1      | Gained mutation: You have large cloven feet. [demonic
                  | ancestry]
   389 | D:1      | Reached XP level 2. HP: 19/19 MP: 3/5
   912 | D:1      | Gained mutation: You are partially covered in large bone
                  | plates. (SH +4) [demonic ancestry]
   912 | D:1      | Reached XP level 3. HP: 24/24 MP: 3/6
   917 | D:1      | Learned a level 3 spell: Conjure Flame
  1824 | D:2      | Found an ancient bone altar of Kikubaaqudgha.
  1961 | D:2      | Reached XP level 4. HP: 30/30 MP: 4/7
  2373 | D:3      | Noticed an ice beast
  2533 | D:3      | Noticed Natasha
  2536 | D:3      | Killed Natasha
  2667 | D:3      | Noticed Natasha
  2675 | D:3      | Killed Natasha
  2675 | D:3      | Reached XP level 5. HP: 15/35 MP: 2/9
  2974 | D:3      | Noticed Natasha
  2977 | D:3      | Killed Natasha
  3274 | D:3      | Found a shimmering altar of Xom.
  3274 | D:3      | Found a shimmering altar of Xom.
  3274 | D:3      | Found a shimmering altar of Xom.
  3282 | D:3      | Found a shimmering altar of Xom.
  3364 | D:3      | Found a shimmering altar of Xom.
  3373 | D:3      | Found a large runed door.
  3419 | D:3      | Found a large runed door.
  3540 | D:3      | Killed an ice beast
  3540 | D:3      | Gained mutation: You are mostly covered in large bone
                  | plates. (SH +6) [demonic ancestry]
  3540 | D:3      | Reached XP level 6. HP: 41/41 MP: 4/11
  3747 | D:3      | Noticed Duffy's ghost (amateur NaWz)
  3776 | D:3      | Killed Duffy's ghost
  3877 | D:4      | Found an iron altar of Okawaru.
  3930 | D:4      | Reached XP level 7. HP: 35/46 MP: 3/13
  4113 | D:4      | Noticed Sigmund
  4135 | D:3      | Learned a level 4 spell: Sticky Flame
  4237 | D:4      | Killed Sigmund
  4237 | D:4      | Reached skill level 5 in Conjurations
  4372 | D:4      | Got a faintly glowing whip
  4373 | D:4      | Identified the cursed +1 whip "Dufarist" {drain, SInv} (You
                  | found it on level 4 of the Dungeon)
  4473 | D:4      | Reached skill level 5 in Fire Magic
  4745 | D:4      | Reached skill level 5 in Spellcasting
  4937 | D:4      | Gained mutation: You have hoof-like feet. [demonic
                  | ancestry]
  4937 | D:4      | Reached XP level 8. HP: 52/52 MP: 11/15
  5481 | D:5      | Entered Level 5 of the Dungeon
  5757 | D:5      | Noticed an unseen horror
  5764 | D:5      | Killed an unseen horror
  6080 | D:5      | Learned a level 5 spell: Fireball
  6153 | D:5      | Reached skill level 1 in Fighting
  6153 | D:5      | Reached skill level 2 in Dodging
  6394 | D:5      | Found a staircase to the Ecumenical Temple.
  6399 | Temple   | Entered the Ecumenical Temple
  6406 | Temple   | Became a worshipper of Vehumet
  6660 | D:5      | Reached XP level 9. HP: 23/61 MP: 3/18
  6881 | D:5      | You fall through a shaft!
  6883 | D:6      | Reached skill level 3 in Dodging
  6977 | D:6      | Found a hazy altar of Hepliaklqana.
  7742 | D:6      | Reached skill level 4 in Dodging
  7804 | D:6      | Found a snail-covered altar of Cheibriados.
  7839 | D:6      | Found an opulent altar of Gozag.
  7839 | D:6      | Found a hide-covered altar of Uskayaw.
  7842 | D:6      | Found a white marble altar of Elyvilon.
  8075 | D:6      | Found a deep blue altar of Sif Muna.
  8345 | D:6      | Reached * piety under Vehumet
  8345 | D:6      | Offered knowledge of Freeze by Vehumet.
  8912 | D:5      | Found a glowing golden altar of the Shining One.
  9318 | D:7      | Found a stormy altar of Qazlal.
  9366 | D:7      | Reached skill level 5 in Dodging
  9395 | D:7      | Reached skill level 5 in Fighting
  9395 | D:7      | Reached skill level 1 in Evocations
  9451 | D:7      | Found a sand-covered staircase.
  9498 | Ossuary  | Entered an ossuary
  9825 | D:7      | Offered knowledge of Sting by Vehumet.
  9869 | D:7      | Reached ** piety under Vehumet
 10212 | D:7      | Gained mutation: You are slightly more attuned to the
                  | shadows. [demonic ancestry]
 10212 | D:7      | Reached XP level 10. HP: 76/76 MP: 9/19
 10352 | D:7      | Reached skill level 6 in Dodging
 10844 | D:8      | Found a blossoming altar of Fedhas.
 11107 | D:8      | Offered knowledge of Mephitic Cloud by Vehumet.
 11136 | D:8      | Learned a level 3 spell: Mephitic Cloud
 11402 | D:8      | Got a pitted longbow
 12405 | D:9      | Reached *** piety under Vehumet
 12405 | D:9      | Reached skill level 5 in Evocations
 12542 | D:8      | Reached skill level 7 in Dodging
 13345 | D:8      | Offered knowledge of Ignite Poison by Vehumet.
 13345 | D:8      | Reached skill level 8 in Dodging
 13543 | D:9      | Gained mutation: You are partially covered in sharp spines.
                  | [demonic ancestry]
 13543 | D:9      | Reached XP level 11. HP: 84/84 MP: 14/20
 13772 | D:9      | Found a staircase to the Lair.
 13833 | D:9      | Found a staircase to the Orcish Mines.
 14014 | D:9      | Identified the +11 longbow of the Five Suns {speed, rPois
                  | Str-2 Dex+3} (You found it on level 8 of the Dungeon)
 14018 | D:9      | Quit the game

Vault maps used:
D:1:      sevenhm_arrival_forest_fort_small_3
D:2:      overflow_temple_1_default, chequers_serial_rivers_micro_a
D:3:      xom_redecorated, ebering_ghost_disaster_area, grunt_ministairs_15,
          uniq_natasha
D:4:      okawaru_gym_becter, uniq_sigmund
D:5:      marbit_many_paths, temple_doors_e, first_ration, nicolae_sextant
D:6:      grunt_temple_overflow_open, nicolae_overflow_crystal_walls,
          led_sif_pool
D:7:      chequers_ossuary_entry_cave, grunt_livestock, grunt_qazlal_clouds
D:8:      fedhas_altar_decomposition, chequers_serial_rivers_micro_a
D:9:      minmay_lair_entry_grove, orc_0_dummy
Temple:   nicolae_temple_no_exploring_needed
Ossuary:  ossuary_tomb_3

Skill      XL: |  1  2  3  4  5  6  7  8  9 10 |
---------------+-------------------------------+-----
Fire Magic     | 3 4 5 6 |  6.3
Conjurations   | 2 3 4 5 6 |  6.7
Spellcasting   | 3 4 5 6 |  6.3
Fighting       | 2 5 7 |  7.0
Dodging        | 2 5 8 |  8.2
Evocations     | 3 6 |  6.0
Stealth        | |  1.7

Action                   |  1- 3 |  4- 6 |  7- 9 | 10-12 || total
-------------------------+-------+-------+-------+-------++-------
Melee: Unarmed           |     5 |       |       |       ||     5
       Whip              |       |       |   192 |    26 ||   218
       Dagger            |       |       |       |     1 ||     1
 Cast: Flame Tongue      |    68 |    57 |   222 |   161 ||   508
       Conjure Flame     |       |     3 |    13 |     9 ||    25
       Sticky Flame      |       |       |    22 |    30 ||    52
Evoke: Wand              |       |       |    24 |       ||    24
  Use: Scroll            |       |       |       |     8 ||     8
 Stab: Paralysed         |       |       |    14 |       ||    14
  Eat: Chunk             |     4 |     5 |    14 |    16 ||    39
       Ration            |       |       |     3 |       ||     3
Armor: Robe              |     9 |     3 |    40 |    14 ||    66
Dodge: Dodged            |    26 |     7 |   115 |    51 ||   199
Block: Other             |     3 |     2 |    78 |    30 ||   113

Table legend:
 A = Non-vault XP
 B = Vault XP
 C = Vault XP percentage of total XP
 D = Non-vault monster count
 E = Vault monster count
 F = Vault count percentage of total count
                 A         B        C        D         E       F
            +---------+---------+-------+---------+---------+-------
      Total |    7231 |    3915 |  35.1 |     193 |      48 |  19.9
            +---------+---------+-------+---------+---------+-------
        D:1 |      45 |       0 |   0.0 |      24 |       0 |   0.0
        D:2 |      59 |       0 |   0.0 |      16 |       0 |   0.0
        D:3 |     149 |     355 |  70.4 |      19 |       4 |  17.4
        D:4 |     712 |     212 |  22.9 |      18 |       1 |   5.3
        D:5 |    1552 |      37 |   2.3 |      29 |       1 |   3.3
        D:6 |    1179 |       0 |   0.0 |      21 |       0 |   0.0
        D:7 |    1057 |     974 |  48.0 |      15 |       5 |  25.0
        D:8 |    1335 |     744 |  35.8 |      26 |      10 |  27.8
        D:9 |    1143 |    1440 |  55.7 |      25 |      11 |  30.6
    Ossuary |       0 |     153 | 100.0 |       0 |      16 | 100.0
            +---------+---------+-------+---------+---------+-------
